Map: Eastwatch LE

Players

Xaos - Winner!

  • Race: Zerg Zerg
  • League: Diamond
  • Spawn Location: 1:00

A.I. 1 (Very Easy)

  • Race: Zerg Zerg
  • Spawn Location: 7:00

VOD

Have the link to the VOD?

Description

Time

  • Played on: Feb. 18, 2018, 10:41 p.m.
  • Length: 6:57
Show
View Real Time Build Order
Export as new Build Order

Xaos Zerg - Winner!

Build Orders: Hatch First 

Get SALT Encoding   

  12  0:01  Drone  
  13  0:12  Overlord  
  13  0:16  Drone  
  14  0:32  Drone x2  
  16  0:38  Drone  
  17  0:53  Hatchery  
  16  0:58  Drone x2  
  18  1:05  Extractor  
  17  1:14  Spawning Pool  
  17  1:18  Drone  
  17  1:20  Drone  
  18  1:30  Drone  
  19  1:43  Overlord  
  19  2:01  Zergling x2  
  19  2:05  Drone x2  
  19  2:06  Queen  
  19  2:07  Queen  
  26  2:11  Drone  
  27  2:17  Drone  
  28  2:23  Drone  
  28  2:26  Drone  
  30  2:34  Drone  
  31  2:49  Drone x2  
  31  2:50  Evolution Chamber  
  32  2:52  Lair  
  32  3:12  Queen  
  34  3:13  Roach Warren  
  34  3:17  Drone x3  
  34  3:19  Overlord x2, Extractor  
  35  3:23  Zerg Missile Weapons Level 1  
  35  3:40  Drone x2  
  35  3:41  Drone  
  38  3:52  Glial Reconstitution  
  38  3:56  Roach x3  
  38  3:57  Roach  
  46  4:08  Drone x6  
  52  4:27  Overlord, Extractor  
  52  4:28  Overlord x4  
  51  4:33  Drone  
  52  4:53  Roach x10  
  72  5:12  Drone x3  
  75  5:33  Roach x7  
  75  5:34  Roach  
  91  5:41  Drone  
  92  5:46  Overlord  
  91  5:55  Hatchery  
  90  6:03  Roach  
  92  6:06  Roach x3  
  92  6:07  Roach  
  100  6:12  Overlord x2  
  100  6:33  Roach  
  100  6:34  Roach x4  
  100  6:39  Overlord  
Show
View Real Time Build Order
Export as new Build Order

A.I. 1 (Very Easy) Zerg 

Build Orders: Hatch First 

Get SALT Encoding   

  12  0:01  Drone  
  13  0:12  Overlord  
  13  0:17  Drone  
  14  0:43  Hatchery  
  14  0:45  Drone  
  14  1:04  Spawning Pool  
  13  1:05  Extractor  
  13  1:08  Drone  
  13  1:15  Drone  
  14  1:20  Overlord  
  14  1:51  Zergling x2  
  14  1:52  Queen  
  14  1:54  Zergling x2  
  18  2:01  Roach Warren  
  18  2:06  Drone  
  18  2:11  Extractor  
  18  2:14  Drone  
  18  2:18  Zergling x2  
  19  2:23  Drone  
  20  2:30  Drone  
  21  2:37  Drone  
  22  2:45  Drone  
  23  2:52  Drone  
  23  2:59  Drone  
  23  3:02  Roach  
  26  3:06  Drone  
  27  3:14  Overlord  
  27  3:17  Drone  
  28  3:24  Drone  
  29  3:28  Lair  
  29  3:31  Drone  
  30  3:43  Drone  
  30  3:46  Roach  
  33  3:50  Drone  
  34  3:57  Drone  
  35  4:05  Drone  
  35  4:06  Overlord  
  36  4:12  Drone  
  37  4:19  Drone  
  38  4:26  Drone  
  38  4:28  Overseer  
  38  4:29  Ravager, Overseer  
  38  4:30  Roach  
  42  4:33  Drone  
  43  4:40  Drone  
  44  4:47  Extractor  
  44  4:48  Drone  
  44  4:55  Drone  
  44  4:57  Overlord  
  44  4:58  Extractor  
  44  5:02  Drone  
  45  5:10  Drone  
  46  5:17  Drone  
  47  5:24  Drone  
  48  5:31  Drone  
  49  5:38  Drone  
  50  5:46  Drone  
  50  5:47  Zergling x2  
  50  5:48  Queen  
  41  5:57  Drone  
  30  6:05  Drone  
  29  6:12  Drone  
  29  6:16  Roach  
  29  6:19  Drone  
  20  6:26  Drone  
  14  6:34  Drone  
  14  6:39  Extractor  
  3  6:41  Drone  
Tags
 
League
Diamond
Matchup
ZvZ
Race
Zerg
Spawn Locations
Cross Positions
Add a new tag
Caveats
  • Supply blocks, unpowered buildings, or Contaminate may cause inaccurate times.
  • Supply counts are checked every 10 seconds.